 Dungeon Crawl Stone Soup version 0.25.1-8-g42b30a86e7 (webtiles) character file.

Game seed: 635125554291287085

128 Clowwww the Covered (level 4, -3/35 HPs)
             Began as a Demonspawn Fighter on Dec 20, 2020.
             Slain by a sky beast (6 damage)
             ... on level 4 of the Dungeon.
             The game lasted 00:03:59 (2606 turns).

Clowwww the Covered (Demonspawn Fighter)            Turns: 2606, Time: 00:03:59

Health: -3/35      AC: 10    Str: 17    XL:     4   Next: 87%
Magic:  4/4        EV:  7    Int: 10    God:
Gold:   85         SH:  9    Dex: 12    Spells: 3/3 levels left

rFire    . . .     SeeInvis .   a - +0 war axe
rCold    . . .     Gourm    .   c - +0 kite shield
rNeg     . . .     Faith    .   b - +0 scale mail
rPois    .         Spirit   .   (no helmet)
rElec    .         Reflect  .   (no cloak)
rCorr    .         Harm     .   n - +1 pair of gloves
MR       .....                  e - +0 pair of boots
Stlth    ..........             (no amulet)
HPRegen  0.11/turn              (no ring)
MPRegen  0.09/turn              (no ring)

@: no status effects
A: claws 1, powered by death 1
a: no special abilities


You were on level 4 of the Dungeon.
You were not hungry.

You visited 1 branch of the dungeon, and saw 4 of its levels.

You collected 85 gold pieces.

Inventory:

Hand Weapons
 a - a +0 war axe (weapon)
Missiles
 j - 2 boomerangs (quivered)
Armour
 b - a +0 scale mail (worn)
 c - a +0 kite shield (worn)
 e - a +0 pair of boots (worn)
 n - a +1 pair of gloves (worn)
Jewellery
 q - an uncursed ring of wizardry {unknown}
Scrolls
 g - 3 scrolls of identify {unknown}
 h - 2 scrolls of remove curse {unknown}
 l - 2 scrolls of teleportation {unknown}
 o - a scroll of amnesia {unknown}
 r - a scroll of immolation {unknown}
 s - a scroll of enchant weapon {unknown}
 t - a scroll of enchant armour {unknown}
 v - a scroll of fear {unknown}
Potions
 d - a potion of might
 k - a potion of flight {unknown}
 m - a potion of stabbing {unknown}
 p - a potion of brilliance {unknown}
 u - a potion of mutation {unknown}
Comestibles
 f - 4 rations
 i - 4 chunks of flesh


   Skills:
 + Level 3.4 Fighting
 + Level 3.1 Axes
 + Level 3.4 Armour
 + Level 0.3 Dodging
 + Level 0.1 Stealth
 + Level 3.3 Shields


You had 3 spell levels left.
You didn't know any spells.
Your spell library was empty.

Dungeon Overview and Level Annotations

Branches:
Dungeon (4/15)             Temple (0/1) D:4

Altars:


Innate Abilities, Weirdness & Mutations

You have sharp fingernails.
You regenerate a little health from kills.


Message History

You block the sky beast's attack.
You hit the sky beast but do no damage.
The sky beast is severely wounded.
The sky beast hits you but does no damage. x2
You hit the sky beast.
The sky beast is almost dead.
The sky beast hits you. The sky beast shocks you.
* * * LOW HITPOINT WARNING * * *
You closely miss the sky beast.
The sky beast is almost dead.
You block the sky beast's attack. The sky beast hits you.
* * * LOW HITPOINT WARNING * * *
The sky beast shocks you.
* * * LOW HITPOINT WARNING * * *
You closely miss the sky beast.
The sky beast is almost dead.
The sky beast hits you.
* * * LOW HITPOINT WARNING * * *
The sky beast shocks you.
You die...

.# #.# .# #.# #. ###
## #.# #. .. #######.#
#.#.# ......#.# ...#
#####.#.#######P.P# >#
##.#.......##.## #
.###..........#...#P?#
.....#..........@Y...#
####....#####P#...#.##
#####.#.# ####.##
......#.# P.P.
#######.# #...# # #.#
##### #######.#
......#.# #####.#.#


You could see a sky beast.

Vanquished Creatures
  3 adders
  3 oozes
  An adder skeleton (D:4)
  4 worms
  3 dart slugs
  4 leopard geckos
  An orc (D:3)
  8 bats
  7 goblins
  3 hobgoblins
  4 jackals (D:4)
  2 ball pythons
  7 frilled lizards
  10 kobolds
  7 rats
67 creatures vanquished.

Vanquished Creatures (others)
  2 plants (D:4)
2 creatures vanquished.

Grand Total: 69 creatures vanquished

Notes
Turn   | Place    | Note
-------+----------+-------------------------------------------
     0 | D:1      | Clowwww the Demonspawn Fighter began the quest for the Orb.
     0 | D:1      | Reached XP level 1. HP: 18/18 MP: 1/1
   372 | D:1      | Gained mutation: You regenerate a little health from kills.
                  | [demonic ancestry]
   372 | D:1      | Reached XP level 2. HP: 24/24 MP: 2/2
  1001 | D:2      | Gained mutation: You have sharp fingernails. [demonic
                  | ancestry]
  1001 | D:2      | Reached XP level 3. HP: 27/29 MP: 3/3
  1425 | D:2      | Reached XP level 4. HP: 35/35 MP: 4/4
  2584 | D:4      | Found a staircase to the Ecumenical Temple.
  2588 | D:4      | Noticed a sky beast
  2606 | D:4      | Slain by a sky beast

Illustrated notes

Levels and vault maps discovered:
D:1:      dpeg_arrival_solitude, layout_basic
D:2:      wander_river, layout_basic, minmay_between
D:3:      layout_basic
D:4:      layout_loops_ring, nicolae_overflow_hidden_temple,
          minmay_temple_entry_gardened_gates, serial_park_tiny_pond, uniq_robin

Skill      XL: |  1  2  3  4 |
---------------+-------------+-----
Axes           | 2 3 |  3.1
Shields        | 3 |  3.3
Armour         | 3 |  3.4
Fighting       | |  3.4
Dodging        | |  0.3
Stealth        | |  0.1

Action                   |  1- 3 |  4- 6 || total
-------------------------+-------+-------++-------
Melee: War axe           |    92 |   115 ||   207
  Eat: Chunk             |     2 |     4 ||     6
Armor: Scale mail        |    59 |    55 ||   114
Dodge: Dodged            |    33 |    37 ||    70
Block: Kite shield       |    39 |    40 ||    79
